 Dungeon Crawl Stone Soup version 0.21.1-1-g345015f (webtiles) character file.

103 Fortress the Conjurer (level 4, -9/33 HPs)
             Began as a Draconian Conjurer on June 16, 2018.
             Killed by divine providence
             ... invoked by an orc priest
              (10 damage)
             ... on level 3 of the Dungeon.
             The game lasted 00:16:48 (2411 turns).

Fortress the Conjurer (Draconian Conjurer)          Turns: 2411, Time: 00:16:51

Health: -9/33      AC:  5    Str: 10    XL:     4   Next: 51%
Magic:  0/7        EV: 12    Int: 17    God:
Gold:   61         SH:  0    Dex: 11    Spells: 2/8 levels left

rFire    . . .     SeeInvis .   h - +0 dagger
rCold    . . .     Gourm    .   (no shield)
rNeg     . . .     Faith    .   (armour unavailable)
rPois    .         Spirit   .   (helmet restricted)
rElec    .         Reflect  .   (no cloak)
rCorr    .         Harm     .   (no gloves)
MR       .....                  (no boots)
Stlth    ++........             (no amulet)
HPRegen  0.11/turn              i - ring of flight
MPRegen  0.10/turn              (no ring)

@: lethally poisoned (-9 -> -20)
A: unfitting armour, cold-blooded, AC +5
a: Evoke Flight


You were on level 3 of the Dungeon.
You were not hungry.

You visited 1 branch of the dungeon, and saw 3 of its levels.

You collected 61 gold pieces.

Inventory:

Hand Weapons
 h - a +0 dagger (weapon)
Missiles
 d - 90 stones (quivered)
 j - 50 sling bullets
Jewellery
 i - a ring of flight (left hand)
Scrolls
 m - a scroll of teleportation
 o - a scroll of identify
 p - a scroll of blinking
Potions
 c - a potion of curing {unknown}
 f - a potion of degeneration {unknown}
 g - a potion of mutation {unknown}
 l - a potion of lignification {unknown}
Books
 a - a book of Conjurations

   Spells                             Type                      Level
   a - Magic Dart                     Conjuration                  1
   b - Searing Ray                    Conjuration                  2
   c - Dazzling Spray                 Conjuration/Hexes            3
   d - Fulminant Prism                Conjuration/Hexes            4
   e - Force Lance                    Conjuration/Translocation    4
   f - Iskenderun's Mystic Blast      Conjuration                  4
Comestibles
 b - 2 rations
 k - 11 chunks of flesh


   Skills:
 * Level 1.0 Short Blades
 - Level 1.9 Dodging
 - Level 2.0 Stealth
 + Level 2.6 Spellcasting
 + Level 5.3 Conjurations


You had 2 spell levels left.
You knew the following spells:

 Your Spells              Type           Power        Failure   Level  Hunger
a - Magic Dart            Conj           ###.         1%          1    #......
b - Searing Ray           Conj           ###...       3%          2    ##.....
c - Dazzling Spray        Conj/Hex       ##....       19%         3    ###....


Dungeon Overview and Level Annotations

Branches:
Dungeon (3/15)

Altars:
Fedhas

Annotations:
D:3 CryoXil's ghost, amateur GrFi


Innate Abilities, Weirdness & Mutations

Your plain brown scales are hard. (AC +5)
You cannot fit into any form of body armour.
You are cold-blooded and may be slowed by cold attacks.


Message History

The orc priest is almost dead.
* * * LOW HITPOINT WARNING * * *
You feel sick. The orc priest closely misses you.
You hit the orc priest but do no damage.
Your tail-slap misses the orc priest.
The orc priest is almost dead.
The orc priest begins to cast a cantrip, but forgets the words!
You completely miss the orc priest.
The orc priest is almost dead.
* * * LOW HITPOINT WARNING * * *
You feel sick.
The orc priest hits you but does no damage.
You are more poisoned.
You hit the orc priest but do no damage.
The orc priest is almost dead.
* * * LOW HITPOINT WARNING * * *
You feel sick.
The orc priest calls down the wrath of Beogh upon you.
Beogh smites you!
You die...

##,,,,,,,,*,*
#.# *,,,*
,,,,,******,*
#.# *,,,*
,,,,,,,,,,,,*
#.# *,,,*
*************
#.# ***** #o#
#.# #.#
###########.#
#.......@o..#
#.###########
#)# #)# #)#
#<# ###


You could see an orc priest.

Vanquished Creatures
  Jessica (D:2)
  An adder (D:2)
  An ooze (D:2)
  2 worms (D:2)
  A dart slug (D:1)
  3 leopard geckos (D:1)
  5 orcs (D:3)
  5 bats
  2 giant cockroaches
  6 goblins
  7 hobgoblins
  4 kobolds
  A frilled lizard (D:2)
  10 rats
49 creatures vanquished.

Notes
Turn   | Place    | Note
-------+----------+-------------------------------------------
     0 | D:1      | Fortress the Draconian Conjurer began the quest for the Orb.
     0 | D:1      | Reached XP level 1. HP: 14/14 MP: 3/3
    12 | D:2      | Noticed Jessica
   259 | D:2      | Reached XP level 2. HP: 20/20 MP: 0/5
  1242 | D:2      | Reached XP level 3. HP: 26/26 MP: 3/6
  1254 | D:2      | Reached skill level 5 in Conjurations
  1265 | D:2      | Found a blossoming altar of Fedhas.
  1667 | D:2      | Learned a level 2 spell: Searing Ray
  1671 | D:2      | Learned a level 3 spell: Dazzling Spray
  1902 | D:2      | Killed Jessica
  1902 | D:2      | Reached XP level 4. HP: 23/33 MP: 0/7
  2061 | D:3      | Noticed CryoXil's ghost (amateur GrFi)
  2340 | D:3      | Reached skill level 1 in Short Blades
  2411 | D:3      | HP: 1/33 [poisoned by an orc priest]
  2411 | D:3      | Killed from afar by an orc priest

Skill      XL: |  1  2  3  4 |
---------------+-------------+-----
Conjurations   | 5 |  5.3
Stealth        | 2 |  2.0
Short Blades   | 1 |  1.0
Dodging        | |  1.9
Spellcasting   | |  2.6

Action                   |  1- 3 |  4- 6 || total
-------------------------+-------+-------++-------
Melee: Unarmed           |    21 |       ||    21
       Tailslap          |     2 |     2 ||     4
       Dagger            |     2 |    20 ||    22
       Hunting sling     |     1 |       ||     1
 Fire: Hunting sling     |    17 |    10 ||    27
 Cast: Magic Dart        |    76 |    23 ||    99
  Use: Scroll            |     4 |     3 ||     7
 Stab: Sleeping          |     1 |       ||     1
  Eat: Chunk             |     4 |     1 ||     5
       Ration            |       |     1 ||     1
Armor: Skin              |     7 |     7 ||    14
Dodge: Dodged            |    28 |    15 ||    43
